3076 views
Uploaded 2020-02-28 15:25:37
Game version 1.32.2
17:39 long 4on4 ladder game on (8)Feralas_LV
Saved by iggythefisk
3076 views
Uploaded 2020-02-28 15:25:37
Game version 1.32.2
17:39 long 4on4 ladder game on (8)Feralas_LV


128 units @ 16k
/ 1.4k
74 buildings @ 9.6k
/ 4k


| Rod of Necromancy | 2 | 300 |
| total: | 2 | 300g |
| Acolyte | 15 | 1125 | / | 0 |
| Ghoul | 2 | 240 | / | 0 |
| Crypt Fiend | 6 | 1290 | / | 240 |
| Obsidian Statue | 4 | 800 | / | 140 |
| total: | 27 | 3455g | / | 380w |
| Nerubian Tower | 1 | 100 | / | 20 |
| Altar of Darkness | 1 | 180 | / | 50 |
| Ziggurat | 6 | 900 | / | 300 |
| Crypt | 1 | 200 | / | 50 |
| Tomb of Relics | 1 | 130 | / | 30 |
| Graveyard | 1 | 215 | / | 0 |
| Necropolis | 2 | 450 | / | 0 |
| Slaughterhouse | 1 | 140 | / | 135 |
| Sacrificial Pit | 1 | 75 | / | 150 |
| Halls of the Dead | 1 | 320 | / | 210 |
| Black Citadel | 1 | 325 | / | 230 |
| total: | 14 | 2290g | / | 715w |
| 0:03 | Acolyte |
| 0:03 | Acolyte |
| 0:07 | Altar of Darkness |
| 0:12 | Ziggurat |
| 0:34 | Crypt |
| 0:58 | Tomb of Relics |
| 1:26 | Graveyard |
| 1:35 | Ghoul |
| 1:39 | Ziggurat |
| 1:51 | Ghoul |
| 2:08 | Rod of Necromancy |
| 2:11 | Death Coil |
| 2:58 | Crypt Fiend |
| 3:14 | Acolyte |
| 3:15 | Nerubian Tower |
| 3:32 | Crypt Fiend |
| 3:59 | Halls of the Dead |
| 4:19 | Crypt Fiend |
| 5:00 | Crypt Fiend |
| 5:37 | Ziggurat |
| 6:16 | Unholy Aura |
| 6:32 | Slaughterhouse |
| 7:41 | Obsidian Statue |
| 7:41 | Obsidian Statue |
| 7:42 | Crypt Fiend |
| 7:44 | Black Citadel |
| 7:47 | Ziggurat |
| 7:58 | Rod of Necromancy |
| 8:07 | Death Coil |
| 8:09 | Frost Nova |
| 9:14 | Obsidian Statue |
| 9:15 | Crypt Fiend |
| 10:07 | Ziggurat |
| 10:09 | Creature Attack |
| 10:10 | Destroyer Form |
| 10:44 | Web |
| 10:57 | Acolyte |
| 10:57 | Acolyte |
| 10:57 | Acolyte |
| 10:57 | Acolyte |
| 10:57 | Acolyte |
| 11:28 | Burrow |
| 11:31 | Obsidian Statue |
| 11:37 | Necropolis |
| 11:53 | Improved Creature Attack |
| 12:44 | Sacrificial Pit |
| 12:49 | Acolyte |
| 12:49 | Acolyte |
| 13:17 | Acolyte |
| 14:04 | Acolyte |
| 14:04 | Acolyte |
| 14:04 | Acolyte |
| 14:04 | Acolyte |
| 16:57 | Necropolis |
| 17:00 | Ziggurat |
| Right click | 1192 |
| Select group | 446 |
| Select | 377 |
| Build/train/purchase | 52 |
| Use ability | 15 |
| Assign group | 14 |
| Minimap ping | 6 |
| Misc. action | 3 |


| Healing Salve | 2 | 200 |
| Lesser Clarity Potion | 1 | 70 |
| Scroll of Speed | 1 | 50 |
| Potion of Mana | 1 | 200 |
| Potion of Healing | 1 | 150 |
| Tiny Great Hall | 1 | 600 |
| total: | 7 | 1270g |
| Peon | 15 | 1125 | / | 0 |
| Grunt | 4 | 800 | / | 0 |
| Raider | 3 | 540 | / | 120 |
| Kodo Beast | 2 | 510 | / | 120 |
| Shaman | 4 | 520 | / | 80 |
| total: | 28 | 3495g | / | 320w |
| Watch Tower | 3 | 330 | / | 240 |
| Altar of Storms | 1 | 180 | / | 50 |
| Orc Burrow | 5 | 800 | / | 200 |
| Barracks | 1 | 180 | / | 50 |
| War Mill | 1 | 205 | / | 0 |
| Voodoo Lounge | 1 | 130 | / | 30 |
| Beastiary | 2 | 290 | / | 280 |
| Spirit Lodge | 1 | 150 | / | 150 |
| Stronghold | 1 | 315 | / | 190 |
| Fortress | 1 | 325 | / | 190 |
| total: | 15 | 2265g | / | 1000w |
| 0:02 | Peon |
| 0:02 | Peon |
| 0:08 | Altar of Storms |
| 0:16 | Orc Burrow |
| 0:20 | Peon |
| 0:38 | Barracks |
| 0:46 | Peon |
| 0:56 | Peon |
| 1:11 | Peon |
| 1:30 | Orc Burrow |
| 1:37 | Peon |
| 1:41 | Grunt |
| 1:54 | Peon |
| 2:09 | Wind Walk |
| 2:24 | Stronghold |
| 3:04 | Grunt |
| 3:07 | Orc Burrow |
| 3:35 | Grunt |
| 4:00 | War Mill |
| 4:04 | Voodoo Lounge |
| 4:38 | Grunt |
| 4:44 | Orc Burrow |
| 4:49 | Critical Strike |
| 5:19 | Beastiary |
| 5:45 | Healing Salve |
| 5:46 | Lesser Clarity Potion |
| 6:00 | Hex |
| 6:02 | Healing Salve |
| 6:02 | Scroll of Speed |
| 6:29 | Raider |
| 6:29 | Raider |
| 6:29 | Ensnare |
| 7:00 | Fortress |
| 7:13 | Spirit Lodge |
| 7:19 | Reinforced Defenses |
| 7:57 | Raider |
| 7:59 | Steel Armor |
| 8:06 | Wind Walk |
| 9:04 | Shaman Adept Training |
| 9:06 | Kodo Beast |
| 9:54 | Healing Wave |
| 10:02 | Thorium Armor |
| 10:37 | Kodo Beast |
| 12:13 | Potion of Mana |
| 12:16 | Potion of Healing |
| 12:24 | Shaman Master Training |
| 12:43 | Peon |
| 12:50 | Tiny Great Hall |
| 13:16 | Beastiary |
| 13:32 | War Drums Damage Increase |
| 14:30 | Peon |
| 14:30 | Peon |
| 14:30 | Peon |
| 14:31 | Peon |
| 14:45 | Steel Melee Weapons |
| 14:46 | Shaman |
| 14:46 | Shaman |
| 15:09 | Watch Tower |
| 15:11 | Watch Tower |
| 15:33 | Peon |
| 15:58 | Watch Tower |
| 16:01 | Peon |
| 16:24 | Orc Burrow |
| 16:25 | Shaman |
| 16:27 | Shaman |
| Right click | 780 |
| Select group | 402 |
| Select | 211 |
| Build/train/purchase | 60 |
| Misc. action | 27 |
| Use ability | 19 |
| Assign group | 18 |
| Remove unit | 2 |
| Item give/drop | 1 |
| Minimap ping | 1 |


| Scroll of Regeneration | 2 | 200 |
| Lesser Clarity Potion | 1 | 70 |
| Scroll of Healing | 2 | 500 |
| Potion of Lesser Invulnerability | 1 | 150 |
| total: | 6 | 920g |
| Peasant | 15 | 1125 | / | 0 |
| Footman | 8 | 1080 | / | 0 |
| Priest | 4 | 540 | / | 40 |
| Rifleman | 9 | 1845 | / | 270 |
| total: | 36 | 4590g | / | 310w |
| Scout Tower | 15 | 450 | / | 300 |
| Arcane Tower | 2 | 140 | / | 100 |
| Guard Tower | 6 | 420 | / | 300 |
| Altar of Kings | 1 | 180 | / | 50 |
| Farm | 8 | 640 | / | 160 |
| Barracks | 1 | 160 | / | 60 |
| Arcane Vault | 1 | 130 | / | 30 |
| Blacksmith | 1 | 140 | / | 60 |
| Town Hall | 1 | 385 | / | 205 |
| Lumber Mill | 1 | 120 | / | 0 |
| Arcane Sanctum | 1 | 150 | / | 140 |
| Keep | 1 | 320 | / | 210 |
| Castle | 1 | 360 | / | 210 |
| total: | 30 | 2355g | / | 1005w |
| 0:01 | Peasant |
| 0:01 | Peasant |
| 0:03 | Altar of Kings |
| 0:17 | Farm |
| 0:18 | Barracks |
| 0:21 | Peasant |
| 0:37 | Peasant |
| 0:47 | Farm |
| 0:53 | Peasant |
| 1:12 | Peasant |
| 1:17 | Peasant |
| 1:24 | Scout Tower |
| 1:26 | Footman |
| 1:43 | Farm |
| 1:47 | Footman |
| 2:08 | Arcane Tower |
| 2:08 | Footman |
| 2:22 | Blizzard |
| 2:27 | Footman |
| 3:24 | Keep |
| 3:24 | Footman |
| 3:25 | Footman |
| 3:56 | Arcane Vault |
| 4:02 | Footman |
| 4:28 | Defend |
| 5:05 | Farm |
| 5:26 | Blacksmith |
| 5:32 | Footman |
| 5:33 | Brilliance Aura |
| 5:54 | Arcane Sanctum |
| 6:20 | Long Rifles |
| 6:22 | Farm |
| 6:24 | Scroll of Regeneration |
| 6:25 | Lesser Clarity Potion |
| 6:42 | Priest |
| 6:45 | Storm Bolt |
| 7:05 | Farm |
| 7:06 | Rifleman |
| 7:32 | Black Gunpowder |
| 7:33 | Rifleman |
| 8:11 | Blizzard |
| 8:22 | Rifleman |
| 8:25 | Farm |
| 9:06 | Rifleman |
| 9:08 | Priest |
| 9:13 | Castle |
| 9:36 | Thunder Clap |
| 9:52 | Town Hall |
| 10:18 | Rifleman |
| 10:20 | Refined Gunpowder |
| 10:31 | Priest |
| 10:34 | Farm |
| 11:02 | Scout Tower |
| 11:04 | Scout Tower |
| 11:16 | Peasant |
| 11:16 | Peasant |
| 11:19 | Scout Tower |
| 11:21 | Scout Tower |
| 11:51 | Peasant |
| 11:52 | Peasant |
| 11:55 | Lumber Mill |
| 12:00 | Arcane Tower |
| 12:24 | Peasant |
| 12:26 | Peasant |
| 12:27 | Peasant |
| 12:28 | Peasant |
| 12:30 | Rifleman |
| 12:45 | Guard Tower |
| 12:50 | Improved Lumber Harvesting |
| 13:28 | Scroll of Healing |
| 13:28 | Potion of Lesser Invulnerability |
| 13:29 | Scroll of Healing |
| 13:34 | Guard Tower |
| 13:48 | Guard Tower |
| 14:39 | Scout Tower |
| 14:41 | Scout Tower |
| 14:42 | Scout Tower |
| 14:43 | Scout Tower |
| 14:44 | Scout Tower |
| 16:01 | Guard Tower |
| 16:06 | Scout Tower |
| 16:07 | Scout Tower |
| 16:08 | Scout Tower |
| 16:09 | Scout Tower |
| 16:11 | Scout Tower |
| 16:18 | Priest |
| 16:19 | Rifleman |
| 16:19 | Rifleman |
| 16:20 | Rifleman |
| 16:32 | Scroll of Regeneration |
| 16:47 | Guard Tower |
| 16:48 | Guard Tower |
| Right click | 845 |
| Select | 276 |
| Select group | 187 |
| Build/train/purchase | 70 |
| Assign group | 20 |
| Use ability | 14 |
| Misc. action | 10 |
| Minimap ping | 4 |
| Item give/drop | 1 |
| Remove unit | 1 |


| Lesser Clarity Potion | 1 | 70 |
| Dust of Appearance | 1 | 75 |
| Healing Salve | 1 | 100 |
| total: | 3 | 245g |
| Wisp | 20 | 1200 | / | 0 |
| Huntress | 7 | 1365 | / | 140 |
| Hippogryph | 8 | 1280 | / | 160 |
| Chimaera | 2 | 660 | / | 140 |
| total: | 37 | 4505g | / | 440w |
| Ancient Protector | 1 | 135 | / | 80 |
| Altar of Elders | 1 | 180 | / | 50 |
| Moon Well | 6 | 1080 | / | 240 |
| Hunter's Hall | 1 | 210 | / | 100 |
| Ancient of War | 2 | 300 | / | 120 |
| Tree of Life | 1 | 340 | / | 185 |
| Ancient of Wind | 1 | 150 | / | 140 |
| Chimaera Roost | 2 | 280 | / | 380 |
| Tree of Ages | 1 | 320 | / | 180 |
| Tree of Eternity | 1 | 330 | / | 200 |
| total: | 15 | 2675g | / | 1295w |
| 0:01 | Wisp |
| 0:01 | Wisp |
| 0:05 | Altar of Elders |
| 0:16 | Moon Well |
| 0:19 | Wisp |
| 0:20 | Wisp |
| 0:39 | Wisp |
| 0:45 | Wisp |
| 0:45 | Wisp |
| 0:58 | Wisp |
| 1:45 | Hunter's Hall |
| 1:48 | Ancient of War |
| 1:55 | Wisp |
| 2:04 | Moon Well |
| 2:06 | Entangling Roots |
| 2:12 | Wisp |
| 2:12 | Wisp |
| 2:28 | Ancient of War |
| 3:05 | Huntress |
| 3:08 | Moon Well |
| 3:43 | Huntress |
| 4:00 | Ultravision |
| 4:22 | Huntress |
| 5:04 | Thorns Aura |
| 6:44 | Huntress |
| 6:57 | Tree of Ages |
| 7:02 | Tree of Life |
| 7:04 | Ancient Protector |
| 7:06 | Healing Salve |
| 7:06 | Lesser Clarity Potion |
| 7:20 | Huntress |
| 7:58 | Huntress |
| 8:21 | Huntress |
| 8:25 | Moon Well |
| 10:01 | Wisp |
| 10:02 | Wisp |
| 10:02 | Wisp |
| 10:02 | Wisp |
| 10:03 | Wisp |
| 10:07 | Ancient of Wind |
| 10:12 | Entangling Roots |
| 10:19 | Trueshot Aura |
| 10:41 | Moon Glaive |
| 10:42 | Sentinel |
| 10:43 | Tree of Eternity |
| 11:50 | Hippogryph |
| 11:50 | Hippogryph |
| 11:50 | Hippogryph |
| 11:52 | Strength of the Wild |
| 12:29 | Hippogryph |
| 12:47 | Hippogryph |
| 12:59 | Nature's Blessing |
| 13:05 | Chimaera Roost |
| 13:07 | Chimaera Roost |
| 13:38 | Hippogryph |
| 13:40 | Wisp |
| 13:41 | Moon Well |
| 13:43 | Moon Well |
| 13:46 | Wisp |
| 14:06 | Dust of Appearance |
| 14:32 | Corrosive Breath |
| 14:36 | Chimaera |
| 14:38 | Wisp |
| 14:38 | Wisp |
| 15:07 | Hippogryph |
| 15:10 | Reinforced Hides |
| 15:59 | Chimaera |
| 16:22 | Hippogryph |
| Right click | 1025 |
| Select group | 425 |
| Select | 259 |
| Assign group | 67 |
| Build/train/purchase | 63 |
| Use ability | 30 |
| Minimap ping | 26 |
| Misc. action | 22 |
121 units @ 14.9k
/ 1.8k
112 buildings @ 11.9k
/ 6k


| Rod of Necromancy | 2 | 300 |
| Potion of Healing | 1 | 150 |
| Sacrificial Skull | 1 | 50 |
| total: | 4 | 500g |
| Acolyte | 4 | 300 | / | 0 |
| Ghoul | 4 | 480 | / | 0 |
| Crypt Fiend | 9 | 1935 | / | 360 |
| Obsidian Statue | 5 | 1000 | / | 175 |
| total: | 22 | 3715g | / | 535w |
| Nerubian Tower | 1 | 100 | / | 20 |
| Spirit Tower | 4 | 580 | / | 160 |
| Crypt | 1 | 200 | / | 50 |
| Ziggurat | 6 | 900 | / | 300 |
| Graveyard | 1 | 215 | / | 0 |
| Altar of Darkness | 1 | 180 | / | 50 |
| Tomb of Relics | 1 | 130 | / | 30 |
| Slaughterhouse | 1 | 140 | / | 135 |
| Halls of the Dead | 1 | 320 | / | 210 |
| Black Citadel | 1 | 325 | / | 230 |
| total: | 11 | 1765g | / | 565w |
| 0:05 | Acolyte |
| 0:05 | Acolyte |
| 0:21 | Crypt |
| 0:23 | Ziggurat |
| 0:37 | Graveyard |
| 0:55 | Altar of Darkness |
| 1:20 | Tomb of Relics |
| 1:22 | Ghoul |
| 1:33 | Nerubian Tower |
| 1:45 | Ghoul |
| 2:06 | Crypt Fiend |
| 2:21 | Ziggurat |
| 2:57 | Death Coil |
| 2:58 | Rod of Necromancy |
| 4:07 | Halls of the Dead |
| 4:09 | Crypt Fiend |
| 4:10 | Crypt Fiend |
| 4:12 | Creature Attack |
| 5:28 | Ziggurat |
| 5:39 | Unholy Aura |
| 5:46 | Ziggurat |
| 5:50 | Ghoul |
| 5:50 | Ghoul |
| 6:35 | Web |
| 6:38 | Spirit Tower |
| 7:07 | Death Coil |
| 7:49 | Crypt Fiend |
| 7:49 | Crypt Fiend |
| 7:49 | Crypt Fiend |
| 7:49 | Crypt Fiend |
| 8:24 | Rod of Necromancy |
| 8:26 | Potion of Healing |
| 8:28 | Black Citadel |
| 8:50 | Frost Nova |
| 9:10 | Slaughterhouse |
| 9:13 | Improved Creature Attack |
| 9:30 | Spirit Tower |
| 9:34 | Ziggurat |
| 9:49 | Sacrificial Skull |
| 10:46 | Spirit Tower |
| 10:48 | Crypt Fiend |
| 10:50 | Obsidian Statue |
| 11:06 | Crypt Fiend |
| 12:06 | Obsidian Statue |
| 12:24 | Creature Carapace |
| 12:36 | Ziggurat |
| 12:49 | Destroyer Form |
| 13:34 | Improved Creature Carapace |
| 13:36 | Spirit Tower |
| 14:42 | Obsidian Statue |
| 14:42 | Obsidian Statue |
| 14:42 | Obsidian Statue |
| 15:58 | Frost Armor |
| 16:34 | Acolyte |
| 16:34 | Acolyte |
| 16:59 | Unholy Aura |
| 17:36 | Frost Nova |
| Right click | 246 |
| Select group | 238 |
| Select | 126 |
| Chat | 64 |
| Build/train/purchase | 54 |
| Use ability | 15 |
| Assign group | 14 |
| Minimap ping | 4 |
| Item give/drop | 1 |

| Healing Salve | 4 | 400 |
| Lesser Clarity Potion | 2 | 140 |
| Orb of Lightning | 1 | 375 |
| Dust of Appearance | 1 | 75 |
| Staff of Teleportation | 1 | 150 |
| Periapt of Vitality | 1 | 325 |
| Circlet of Nobility | 1 | 175 |
| total: | 11 | 1640g |
| Peon | 16 | 1200 | / | 0 |
| Troll Batrider | 10 | 1600 | / | 400 |
| total: | 26 | 2800g | / | 400w |
| Watch Tower | 20 | 2200 | / | 1600 |
| Altar of Storms | 1 | 180 | / | 50 |
| Orc Burrow | 3 | 480 | / | 120 |
| Voodoo Lounge | 1 | 130 | / | 30 |
| War Mill | 1 | 205 | / | 0 |
| Great Hall | 2 | 770 | / | 370 |
| Beastiary | 2 | 290 | / | 280 |
| Stronghold | 1 | 315 | / | 190 |
| Fortress | 1 | 325 | / | 190 |
| total: | 30 | 4255g | / | 2450w |
| 0:00 | Peon |
| 0:07 | Altar of Storms |
| 0:10 | Peon |
| 0:16 | Orc Burrow |
| 0:17 | Peon |
| 0:39 | Peon |
| 0:50 | Peon |
| 0:56 | Voodoo Lounge |
| 0:58 | Peon |
| 1:06 | Peon |
| 1:22 | War Mill |
| 1:31 | Peon |
| 2:06 | Orc Burrow |
| 2:09 | Healing Salve |
| 2:10 | Lesser Clarity Potion |
| 2:14 | Peon |
| 2:27 | Wind Walk |
| 2:39 | Watch Tower |
| 2:41 | Watch Tower |
| 3:43 | Peon |
| 3:45 | Watch Tower |
| 3:46 | Watch Tower |
| 4:26 | Stronghold |
| 4:29 | Watch Tower |
| 4:33 | Watch Tower |
| 5:05 | Watch Tower |
| 5:06 | Watch Tower |
| 5:38 | Lesser Clarity Potion |
| 5:53 | Staff of Teleportation |
| 5:53 | Periapt of Vitality |
| 5:59 | Dust of Appearance |
| 6:34 | Critical Strike |
| 6:53 | Watch Tower |
| 6:53 | Watch Tower |
| 6:54 | Watch Tower |
| 6:58 | Beastiary |
| 7:01 | Beastiary |
| 7:03 | Steel Ranged Weapons |
| 7:05 | Peon |
| 7:06 | Peon |
| 8:06 | Great Hall |
| 8:07 | Watch Tower |
| 8:09 | Great Hall |
| 8:14 | Troll Batrider |
| 8:41 | Troll Batrider |
| 8:46 | Fortress |
| 8:52 | Orc Burrow |
| 9:01 | Troll Batrider |
| 9:12 | Watch Tower |
| 9:33 | Healing Salve |
| 9:54 | Watch Tower |
| 9:56 | Reinforced Defenses |
| 10:06 | Troll Batrider |
| 10:31 | Wind Walk |
| 10:42 | Peon |
| 10:43 | Peon |
| 10:43 | Peon |
| 10:46 | Troll Batrider |
| 11:01 | Watch Tower |
| 11:51 | Liquid Fire |
| 11:51 | Troll Batrider |
| 12:02 | Healing Salve |
| 12:07 | Healing Salve |
| 12:11 | Orb of Lightning |
| 12:13 | Troll Batrider |
| 12:19 | Watch Tower |
| 12:20 | Peon |
| 12:41 | Thorium Ranged Weapons |
| 12:43 | Troll Batrider |
| 13:11 | Critical Strike |
| 13:21 | Watch Tower |
| 13:22 | Watch Tower |
| 13:37 | Troll Batrider |
| 14:03 | Arcanite Ranged Weapons |
| 14:26 | Watch Tower |
| 14:27 | Watch Tower |
| 15:09 | Circlet of Nobility |
| 17:05 | Troll Batrider |
| 17:17 | Wind Walk |
| Right click | 1171 |
| Select | 415 |
| Select group | 245 |
| Build/train/purchase | 98 |
| Assign group | 54 |
| Use ability | 18 |
| Item give/drop | 5 |
| Resource trade | 5 |
| Chat | 5 |
| Remove unit | 3 |
| Misc. action | 1 |
⇛
iggythefisk
(17:38) : 

| Potion of Healing | 1 | 150 |
| Scroll of Regeneration | 1 | 100 |
| Boots of Speed | 2 | 500 |
| Staff of Teleportation | 2 | 300 |
| Potion of Invisibility | 1 | 100 |
| Healing Salve | 1 | 100 |
| total: | 8 | 1250g |
| Peasant | 34 | 2550 | / | 0 |
| Dragonhawk Rider | 2 | 400 | / | 60 |
| total: | 36 | 2950g | / | 60w |
| Scout Tower | 39 | 1170 | / | 780 |
| Arcane Tower | 3 | 210 | / | 150 |
| Guard Tower | 22 | 1540 | / | 1100 |
| Altar of Kings | 1 | 180 | / | 50 |
| Lumber Mill | 1 | 120 | / | 0 |
| Farm | 5 | 400 | / | 100 |
| Town Hall | 1 | 385 | / | 205 |
| Arcane Vault | 2 | 260 | / | 60 |
| Barracks | 1 | 160 | / | 60 |
| Blacksmith | 1 | 140 | / | 60 |
| Arcane Sanctum | 1 | 150 | / | 140 |
| Gryphon Aviary | 2 | 280 | / | 300 |
| Keep | 1 | 320 | / | 210 |
| Castle | 1 | 360 | / | 210 |
| total: | 54 | 3245g | / | 1755w |
| 0:02 | Peasant |
| 0:05 | Altar of Kings |
| 0:12 | Peasant |
| 0:22 | Lumber Mill |
| 0:23 | Peasant |
| 0:33 | Farm |
| 0:34 | Peasant |
| 0:42 | Peasant |
| 0:59 | Peasant |
| 1:04 | Scout Tower |
| 1:06 | Peasant |
| 1:14 | Farm |
| 1:15 | Peasant |
| 1:24 | Peasant |
| 1:31 | Arcane Tower |
| 1:37 | Scout Tower |
| 1:59 | Scout Tower |
| 2:02 | Peasant |
| 2:05 | Guard Tower |
| 2:09 | Blizzard |
| 2:15 | Scout Tower |
| 2:33 | Peasant |
| 2:33 | Peasant |
| 2:44 | Guard Tower |
| 2:53 | Peasant |
| 2:59 | Guard Tower |
| 3:08 | Peasant |
| 3:26 | Peasant |
| 3:38 | Peasant |
| 3:44 | Scout Tower |
| 3:44 | Scout Tower |
| 4:13 | Peasant |
| 4:13 | Peasant |
| 4:13 | Peasant |
| 4:14 | Peasant |
| 4:21 | Guard Tower |
| 4:47 | Guard Tower |
| 4:57 | Peasant |
| 4:59 | Brilliance Aura |
| 5:03 | Scout Tower |
| 5:29 | Peasant |
| 5:37 | Scout Tower |
| 5:46 | Guard Tower |
| 5:48 | Scout Tower |
| 5:57 | Scout Tower |
| 6:25 | Peasant |
| 6:25 | Peasant |
| 6:26 | Peasant |
| 6:30 | Guard Tower |
| 6:31 | Scout Tower |
| 6:45 | Peasant |
| 6:46 | Arcane Tower |
| 6:50 | Guard Tower |
| 6:54 | Scout Tower |
| 6:57 | Peasant |
| 7:08 | Guard Tower |
| 7:09 | Scout Tower |
| 7:23 | Guard Tower |
| 7:44 | Town Hall |
| 7:49 | Boots of Speed |
| 7:53 | Staff of Teleportation |
| 8:06 | Guard Tower |
| 8:08 | Scout Tower |
| 8:11 | Healing Salve |
| 8:20 | Farm |
| 8:35 | Guard Tower |
| 8:38 | Scout Tower |
| 9:09 | Keep |
| 9:17 | Guard Tower |
| 9:18 | Scout Tower |
| 9:19 | Scout Tower |
| 9:20 | Scout Tower |
| 9:21 | Scout Tower |
| 9:28 | Peasant |
| 9:49 | Improved Masonry |
| 10:01 | Guard Tower |
| 10:02 | Scout Tower |
| 10:21 | Scout Tower |
| 10:21 | Scout Tower |
| 10:22 | Peasant |
| 10:24 | Guard Tower |
| 10:45 | Guard Tower |
| 10:47 | Peasant |
| 11:06 | Peasant |
| 11:06 | Peasant |
| 11:18 | Guard Tower |
| 11:30 | Improved Lumber Harvesting |
| 11:31 | Advanced Masonry |
| 12:03 | Guard Tower |
| 12:04 | Scout Tower |
| 12:09 | Castle |
| 12:17 | Scout Tower |
| 12:17 | Scout Tower |
| 12:18 | Scout Tower |
| 12:18 | Scout Tower |
| 12:30 | Peasant |
| 12:30 | Peasant |
| 12:33 | Guard Tower |
| 12:36 | Farm |
| 12:43 | Storm Bolt |
| 13:04 | Arcane Sanctum |
| 13:09 | Arcane Tower |
| 13:25 | Boots of Speed |
| 13:26 | Staff of Teleportation |
| 13:31 | Potion of Invisibility |
| 13:38 | Guard Tower |
| 14:26 | Guard Tower |
| 14:29 | Arcane Vault |
| 14:31 | Imbued Masonry |
| 14:32 | Advanced Lumber Harvesting |
| 14:33 | Magic Sentry |
| 14:36 | Gryphon Aviary |
| 14:37 | Gryphon Aviary |
| 14:39 | Barracks |
| 14:41 | Blacksmith |
| 15:32 | Potion of Healing |
| 15:41 | Scout Tower |
| 15:43 | Scout Tower |
| 15:44 | Arcane Vault |
| 16:08 | Scout Tower |
| 16:09 | Scout Tower |
| 16:11 | Animal War Training |
| 16:13 | Iron Forged Swords |
| 16:13 | Studded Leather Armor |
| 16:15 | Dragonhawk Rider |
| 16:43 | Bash |
| 16:47 | Dragonhawk Rider |
| 16:53 | Scout Tower |
| 16:54 | Scout Tower |
| 16:55 | Scout Tower |
| 16:55 | Scout Tower |
| 17:00 | Scroll of Regeneration |
| 17:07 | Guard Tower |
| 17:09 | Scout Tower |
| 17:10 | Scout Tower |
| 17:10 | Scout Tower |
| 17:11 | Scout Tower |
| 17:20 | Steel Forged Swords |
| 17:26 | Cloud |
| 17:28 | Farm |
| 17:35 | Blizzard |
| Right click | 929 |
| Assign group | 465 |
| Select group | 360 |
| Select | 314 |
| Build/train/purchase | 147 |
| Use ability | 46 |
| Misc. action | 33 |
| Chat | 27 |
| Resource trade | 11 |
| Remove unit | 2 |
| Item give/drop | 1 |


| Rod of Necromancy | 1 | 150 |
| total: | 1 | 150g |
| Acolyte | 21 | 1575 | / | 0 |
| Ghoul | 5 | 600 | / | 0 |
| Crypt Fiend | 6 | 1290 | / | 240 |
| Frost Wyrm | 5 | 1925 | / | 600 |
| total: | 37 | 5390g | / | 840w |
| Crypt | 1 | 200 | / | 50 |
| Altar of Darkness | 1 | 180 | / | 50 |
| Ziggurat | 7 | 1050 | / | 350 |
| Graveyard | 1 | 215 | / | 0 |
| Tomb of Relics | 2 | 260 | / | 60 |
| Necropolis | 1 | 225 | / | 0 |
| Sacrificial Pit | 2 | 150 | / | 300 |
| Boneyard | 2 | 350 | / | 400 |
| Halls of the Dead | 1 | 320 | / | 210 |
| Black Citadel | 1 | 325 | / | 230 |
| total: | 17 | 2630g | / | 1210w |
| 0:03 | Acolyte |
| 0:03 | Acolyte |
| 0:08 | Crypt |
| 0:14 | Altar of Darkness |
| 0:32 | Ziggurat |
| 0:56 | Graveyard |
| 1:18 | Ghoul |
| 1:31 | Ziggurat |
| 1:35 | Ghoul |
| 1:52 | Tomb of Relics |
| 1:58 | Tomb of Relics |
| 2:19 | Crypt Fiend |
| 2:38 | Crypt Fiend |
| 3:01 | Death Coil |
| 3:03 | Crypt Fiend |
| 3:07 | Rod of Necromancy |
| 3:13 | Crypt Fiend |
| 4:05 | Crypt Fiend |
| 4:08 | Halls of the Dead |
| 4:48 | Ziggurat |
| 4:51 | Creature Attack |
| 5:05 | Unholy Aura |
| 5:28 | Creature Carapace |
| 5:35 | Death Coil |
| 6:38 | Acolyte |
| 6:38 | Acolyte |
| 6:39 | Acolyte |
| 6:39 | Acolyte |
| 6:39 | Acolyte |
| 6:42 | Crypt Fiend |
| 7:19 | Necropolis |
| 7:30 | Unholy Aura |
| 7:46 | Frost Nova |
| 8:09 | Black Citadel |
| 8:34 | Sacrificial Pit |
| 8:38 | Ghoul |
| 8:39 | Ghoul |
| 8:39 | Ghoul |
| 8:58 | Sacrificial Pit |
| 10:01 | Improved Creature Attack |
| 10:33 | Boneyard |
| 10:38 | Boneyard |
| 11:15 | Acolyte |
| 11:15 | Acolyte |
| 11:15 | Acolyte |
| 11:15 | Acolyte |
| 11:17 | Acolyte |
| 11:24 | Ziggurat |
| 11:26 | Ziggurat |
| 12:06 | Frost Wyrm |
| 12:41 | Frost Wyrm |
| 13:21 | Acolyte |
| 13:23 | Ziggurat |
| 13:24 | Ziggurat |
| 14:25 | Acolyte |
| 14:25 | Acolyte |
| 14:25 | Acolyte |
| 14:25 | Acolyte |
| 14:40 | Frost Wyrm |
| 15:20 | Frost Wyrm |
| 15:20 | Frost Wyrm |
| 16:05 | Frost Armor |
| 16:29 | Acolyte |
| 16:29 | Acolyte |
| 16:29 | Acolyte |
| 16:30 | Acolyte |
| Right click | 554 |
| Select | 234 |
| Chat | 57 |
| Build/train/purchase | 56 |
| Use ability | 27 |
| Remove unit | 10 |
| Item give/drop | 1 |